 Dungeon Crawl Stone Soup version v3.33-hellcrawl-164-ga292864 (webtiles) character file.

53 chequers the Poker (level 5, 0/26 HPs)
             Began as a Vine Stalker Skald on Sept 21, 2017.
             Succumbed to a kobold's poison
             ... on level 3 of the Dungeon.
             The game lasted 00:02:44 (2305 turns).

chequers the Poker (Vine Stalker Skald)             Turns: 2305, Time: 00:02:44

Health: 0/26       AC:  4 (14%)Str: 15  XL:     5   Next: 10%
Magic:  4/9        EV: 11    Int: 13    God:
Gold:   108        SH:  3    Dex: 13    Spells: 2/8 levels left

rFire    . . .     SeeInvis .   a - +0 spear
rCold    . . .     Faith    .   (no shield)
rNeg     . . .     Spirit   +   b - +0 leather armour
rPois    .         Reflect  +   (no helmet)
rElec    .                      h - +0 cloak
rCorr    .                      (no gloves)
MR       .....                  (no boots)
Stlth    +.........             j - +3 amulet of reflection
Regen    0.5/turn               (no ring)
MPRegen  0.2/turn               (no ring)

@: lethally poisoned (0 -> -6)
A: fangs 2, regeneration 1, magic shield, antimagic bite, no device heal 3, rot
immunity
a: no special abilities


You were on level 3 of the Dungeon.
You were not hungry.

You visited 1 branch of the dungeon, and saw 3 of its levels.

You collected 108 gold pieces.

Inventory:

Hand Weapons
 a - a +0 spear (weapon)
Missiles
 f - 16 frenzy darts (quivered)
Armour
 b - a +0 leather armour (worn)
 h - a +0 cloak (worn)
Jewellery
 j - a +3 amulet of reflection (around neck)
Wands
 d - a wand of clouds (3)
Scrolls
 c - a scroll of enchant armour
 e - 3 scrolls of teleportation
 g - 3 scrolls of amnesia
 i - 2 scrolls of enchant weapon
 l - a scroll of fog


   Skills:
 - Level 1.7 Fighting
 * Level 4.1 Polearms
 - Level 0.7 Armour
 - Level 0.7 Dodging
 - Level 2.0 Spellcasting
 + Level 3.8 Charms


You had 2 spell levels left.
You knew the following spells:

 Your Spells              Type           Power        Failure   Level  Hunger
a - Infusion              Chrm           11 (25)      7%          1    ##.....
b - Song of Slaying       Chrm           11 (100)     10%         2    ###....
c - Regeneration          Chrm/Necr      6 (200)      41%         3    ####...


Dungeon Overview and Level Annotations

Branches:
Dungeon (3/15)

Altars:
Dithmenos
Zin


Innate Abilities, Weirdness & Mutations

You have extremely sharp teeth.
Your natural rate of healing is unusually fast.
When hurt, damage is shared between your health and your magic reserves.
Your bite disrupts and absorbs the magic of your enemies.
Potions cannot restore your health.
You are immune to rotting.


Message History

You are more poisoned.
You aren't carrying any potions.
Throwing (i - inventory):
f - 17 frenzy darts (quivered)
Press: ? - help, Shift-Dir - straight line, f - kobold
Aim: a kobold You throw a frenzy dart.
The frenzy dart hits the kobold (0).
The kobold flies into a frenzy!
* * * LOW HITPOINT WARNING * * *
You feel sick.
Evoke which item? (* to show all) (? for menu, Esc to quit)
Aiming: Cloud Cone
Press: ? - help, Dir - move target cursor, f - you, p - kobold That would be overly suicidal.
Okay, then.
Evoke which item? (* to show all) (? for menu, Esc to quit)
Aiming: Cloud Cone
Press: ? - help, Dir - move target cursor, f - kobold
Aim: a kobold (fast, unusually strong, frenzied and insane)
You create a blast of freezing vapour!
This wand has 3 charges left.
You die...

..... ..!... ......#
....[.K###
.........#####
...........§§#
.........###§#
....§.#... #K###
......##..##@..###
...#.§...>..##...# #
....K.......####.#..#
..##..|......#......##
..........####..##.
...................
.......###.........
.......(##.........
..##......###....


You could see a neutral kobold (insane).

Vanquished Creatures
  Crazy Yiuf (D:2)
  A worker ant (D:3)
  An adder (D:2)
  3 oozes
  5 quokkas
  A ball python (D:1)
  7 goblins
  4 hobgoblins
  3 jackals (D:1)
  6 bats
  3 frilled lizards
  5 kobolds
  5 rats (D:2)
45 creatures vanquished.

Notes
Turn   | Place    | Note
-------+----------+-------------------------------------------
     0 | D:1      | chequers the Vine Stalker Skald began the quest for the Orb.
     0 | D:1      | Reached XP level 1. HP: 11/11 MP: 4/4
    32 | D:1      | Reached skill level 2 in Polearms
    57 | D:1      | Reached XP level 2. HP: 7/15 MP: 1/6
   494 | D:1      | Reached XP level 3. HP: 18/18 MP: 7/7
   802 | D:1      | Reached skill level 3 in Polearms
  1466 | D:2      | Gained mutation: Your natural rate of healing is unusually fast. [Vine Stalker growth]
  1466 | D:2      | Reached XP level 4. HP: 23/23 MP: 8/8
  1596 | D:2      | Found a glowing silver altar of Zin.
  1600 | D:2      | Learned a level 2 spell: Song of Slaying
  1604 | D:2      | Learned a level 3 spell: Regeneration
  1635 | D:2      | Found a faded altar of an unknown god.
  1759 | D:2      | Found a runed door.
  1763 | D:2      | Noticed Crazy Yiuf
  1796 | D:2      | Killed Crazy Yiuf
  2274 | D:3      | Found a shadowy altar of Dithmenos.
  2303 | D:3      | Reached skill level 4 in Polearms
  2303 | D:3      | Reached XP level 5. HP: 3/26 MP: 4/9
  2305 | D:3      | Succumbed to a kobold's poison

Skill      XL: |  1  2  3  4 |
---------------+-------------+-----
Polearms       | 2 3 4 |  4.1
Fighting       | |  1.7
Armour         | |  0.7
Dodging        | |  0.7
Spellcasting   | |  2.0
Charms         | |  3.8

Action                   |  1- 3 |  4- 6 || total
-------------------------+-------+-------++-------
Melee: Spear             |    98 |    65 ||   163
       Bite              |    18 |    17 ||    35
Throw: Frenzy dart       |       |     1 ||     1
 Cast: Infusion          |     1 |       ||     1
 Abil: End Infusion      |     1 |       ||     1
Evoke: Wand              |       |     1 ||     1
  Use: Potion            |       |     1 ||     1
 Stab: Sleeping          |     4 |       ||     4
Armor: Leather armour    |    16 |     8 ||    24
Dodge: Dodged            |    40 |    26 ||    66
Block: Other             |       |     2 ||     2
